Map: Dédale EC

Players

SSghoul

  • Race: Zerg Zerg
  • League: Master
  • Spawn Location: 7:00

zuka - Winner!

  • Race: Protoss Protoss
  • League: Master
  • Spawn Location: 1:00

VOD

Have the link to the VOD?

Description

Time

  • Played on: Sept. 26, 2018, 2:59 p.m.
  • Length: 15:50
Show
View Real Time Build Order
Export as new Build Order

SSghoul Zerg 

Build Orders: Hatch First 

Get SALT Encoding   

  12  0:09  Drone  
  12  0:10  Drone  
  14  0:19  Extractor  
  14  0:21  Drone  
  14  0:23  Extractor, Drone  
  16  0:49  Hatchery  
  15  1:00  Spawning Pool  
  15  1:02  Extractor  
  15  1:03  Drone  
  14  1:11  Overlord  
  14  1:30  Drone  
  14  1:31  Drone x2  
  17  1:43  Drone  
  18  1:47  Queen  
  20  1:56  Zergling x2  
  21  2:02  Zergling x2  
  22  2:08  Queen  
  22  2:15  Spine Crawler  
  23  2:17  Zergling x2  
  24  2:27  Metabolic Boost  
  25  2:30  Zergling x2  
  26  2:37  Spine Crawler  
  26  2:39  Spine Crawler  
  23  2:47  Zergling x4  
  24  2:52  Spine Crawler  
  24  2:58  Zergling x2  
  24  2:59  Spine Crawler  
  24  3:02  Spine Crawler  
  21  3:09  Zergling x2  
  21  3:18  Zergling x2, Spine Crawler  
  21  3:21  Drone  
  21  3:22  Drone  
  21  3:35  Zergling x2  
  21  3:38  Hatchery  
  21  3:43  Zergling x2  
  21  3:44  Overlord x2  
  22  4:05  Zergling x8  
  26  4:11  Queen  
  26  4:12  Zergling x2  
  29  4:21  Zergling x6  
  32  4:30  Zergling x2  
  32  4:39  Zergling x2  
  33  4:51  Drone x2  
  35  4:53  Drone  
  35  4:56  Hatchery  
  35  5:04  Drone x2  
  37  5:13  Drone x4  
  38  5:20  Evolution Chamber  
  37  5:24  Drone x2  
  39  5:29  Drone  
  39  5:32  Overlord  
  40  5:36  Drone  
  40  5:37  Drone  
  40  5:42  Overlord  
  42  5:51  Spore Crawler  
  42  5:52  Spore Crawler  
  42  5:54  Zerg Melee Weapons Level 1  
  40  6:02  Drone x4  
  44  6:10  Drone x3  
  47  6:17  Drone  
  48  6:23  Queen  
  48  6:25  Drone  
  51  6:29  Drone  
  51  6:30  Drone, Spore Crawler  
  52  6:38  Drone x5  
  51  6:57  Drone x8, Spore Crawler  
  51  6:59  Spore Crawler  
  57  7:03  Spore Crawler  
  57  7:05  Spore Crawler  
  57  7:06  Spore Crawler  
  57  7:07  Spore Crawler  
  53  7:12  Zergling x8  
  57  7:16  Lair  
  57  7:20  Evolution Chamber  
  56  7:23  Zergling x4  
  56  7:25  Overlord x2  
  56  7:28  Overlord  
  58  7:31  Overlord  
  58  7:38  Overlord x2  
  58  7:45  Drone  
  58  7:46  Extractor, Zerg Ground Armor Level 1  
  58  7:49  Drone x5  
  63  7:56  Zergling x10  
  63  8:12  Spore Crawler  
  63  8:13  Spore Crawler x2, Queen  
  63  8:17  Zergling x2  
  63  8:18  Zergling x12  
  69  8:22  Zerg Melee Weapons Level 2  
  69  8:32  Drone  
  70  8:48  Spine Crawler  
  70  8:49  Drone, Spore Crawler  
  70  8:50  Drone x8  
  70  8:52  Spore Crawler  
  76  9:02  Spire, Extractor  
  74  9:07  Zergling x2  
  75  9:12  Spore Crawler  
  75  9:15  Zergling x2  
  75  9:16  Zergling x12  
  67  9:33  Drone x3  
  67  9:34  Drone  
  67  9:35  Drone x6  
  77  9:41  Extractor  
  76  9:48  Extractor  
  76  9:49  Extractor  
  76  9:50  Hatchery  
  73  9:54  Drone  
  74  10:00  Spore Crawler  
  73  10:14  Corruptor x5  
  83  10:25  Drone x5  
  91  10:36  Corruptor x2  
  91  10:37  Corruptor  
  93  10:43  Zergling x16  
  93  10:45  Hatchery  
  100  11:01  Corruptor x2  
  100  11:02  Corruptor x2  
  105  11:08  Drone  
  106  11:20  Zerg Flyer Armor Level 1  
  106  11:23  Drone  
  106  11:24  Drone x4  
  111  11:26  Overlord  
  111  11:27  Extractor, Overlord x3  
  111  11:30  Zerg Ground Armor Level 2  
  110  11:42  Corruptor  
  109  11:49  Corruptor  
  109  11:50  Corruptor x2  
  108  12:01  Zergling x2  
  108  12:02  Zergling x20  
  108  12:06  Drone x3  
  108  12:07  Drone  
  119  12:22  Corruptor x4  
  98  12:27  Corruptor  
  108  12:33  Drone x3  
  111  12:37  Corruptor  
  111  12:38  Corruptor  
  111  12:42  Drone x2  
  117  12:48  Corruptor x2  
  121  13:03  Corruptor x4  
  126  13:06  Corruptor  
  126  13:10  Zergling x6  
  126  13:11  Zergling x2  
  121  13:27  Corruptor x4  
  125  13:37  Zergling x20  
  125  13:38  Zergling x2  
  136  13:45  Corruptor x2  
  138  13:50  Zergling x2  
  138  13:51  Zergling x10  
  138  13:54  Corruptor  
  142  14:03  Corruptor x2  
  142  14:09  Drone  
  148  14:10  Drone x2  
  148  14:17  Overlord x3  
  133  14:36  Corruptor x5  
  132  14:50  Drone x3  
  132  14:51  Drone  
  132  14:52  Zergling x2, Infestation Pit  
  132  14:53  Zergling x22  
  132  14:58  Extractor  
  141  15:04  Corruptor x3  
  141  15:15  Spore Crawler x3  
  141  15:17  Corruptor x3  
Show
View Real Time Build Order
Export as new Build Order

zuka Protoss - Winner!

Build Orders:  

Get SALT Encoding   

  12  0:01  Probe  
  13  0:13  Probe  
  14  0:20  Pylon  
  14  0:21  Probe  
  15  0:34  Probe  
  15  0:40  Gateway  
  16  0:45  Probe  
  16  0:48  Assimilator  
  17  0:57  Probe  
  18  1:08  Gateway  
  18  1:10  Probe  
  19  1:20  Zealot  
  19  1:22  Probe  
  20  1:28  Cybernetics Core  
  22  1:34  Pylon  
  22  1:50  Zealot  
  24  1:56  Zealot  
  26  2:05  Shield Battery  
  26  2:09  Shield Battery, Stalker  
  28  2:26  Stalker  
  30  2:48  Pylon  
  30  2:52  Stalker  
  31  2:58  Nexus  
  31  3:01  Stalker  
  31  3:22  Zealot  
  34  3:27  Probe  
  36  3:34  Assimilator  
  36  3:39  Probe  
  37  3:44  Warp Gate  
  35  3:51  Probe  
  36  4:00  Pylon  
  36  4:03  Probe  
  37  4:15  Probe x2  
  38  4:20  Stargate  
  38  4:23  Probe  
  39  4:27  Pylon, Probe  
  41  4:32  Probe  
  42  4:39  Probe  
  42  4:44  Probe  
  44  4:51  Probe  
  45  4:53  Stargate  
  45  4:55  Assimilator  
  45  4:56  Probe  
  45  4:57  Assimilator  
  46  5:03  Probe  
  46  5:06  Oracle  
  47  5:18  Pylon, Probe x2  
  52  5:29  Oracle  
  52  5:30  Probe  
  52  5:31  Probe  
  57  5:43  Probe x2  
  57  5:48  Oracle  
  62  5:55  Probe x2  
  64  6:04  Oracle  
  64  6:07  Probe  
  65  6:16  Probe  
  69  6:19  Probe  
  69  6:23  Adept x2  
  69  6:24  Nexus  
  74  6:25  Pylon  
  74  6:28  Pylon  
  73  6:45  Adept x2  
  77  6:49  Oracle  
  77  6:51  Oracle  
  79  6:54  Probe x2  
  84  7:05  Fleet Beacon  
  84  7:06  Probe x2  
  84  7:07  Pylon  
  86  7:10  Pylon  
  86  7:16  Pylon  
  86  7:18  Probe x2  
  92  7:30  Probe  
  92  7:32  Probe  
  94  7:38  Carrier  
  94  7:39  Probe  
  94  7:41  Carrier  
  94  7:43  Probe  
  96  7:44  Probe  
  96  7:47  Pylon  
  99  7:52  Probe  
  99  7:55  Probe  
  99  7:56  Probe  
  108  8:09  Probe x2  
  108  8:10  Probe  
  105  8:18  Adept x2  
  109  8:21  Probe x2  
  109  8:22  Probe  
  109  8:23  Stargate  
  112  8:28  Protoss Air Weapons Level 1  
  112  8:33  Probe  
  112  8:34  Probe x2  
  115  8:37  Assimilator  
  115  8:38  Pylon  
  115  8:41  Assimilator  
  115  8:53  Pylon  
  115  8:54  Pylon, Carrier  
  115  9:09  Carrier  
  127  9:14  Carrier  
  127  9:18  Adept x2  
  125  9:34  Probe x2  
  125  9:38  Shield Battery  
  127  9:39  Shield Battery  
  127  9:47  Pylon  
  127  9:49  Mothership  
  127  9:56  Nexus  
  127  9:58  Pylon x2  
  134  10:09  Carrier  
  128  10:18  Protoss Air Weapons Level 2  
  131  10:26  Zealot x2  
  135  10:39  Carrier  
  135  10:42  Nexus, Cybernetics Core  
  135  10:43  Void Ray, Pylon  
  135  10:45  Pylon  
  135  10:46  Pylon  
  145  11:03  Stargate  
  141  11:08  Forge  
  141  11:10  Pylon  
  141  11:11  Stalker x2  
  142  11:15  Protoss Air Armor Level 1  
  142  11:20  Pylon  
  142  11:21  Shield Battery  
  142  11:22  Void Ray  
  142  11:23  Shield Battery  
  142  11:29  Void Ray  
  146  11:35  Zealot x2  
  153  11:45  Void Ray  
  151  12:04  Zealot  
  151  12:06  Nexus  
  151  12:07  Stargate  
  153  12:08  Void Ray, Pylon x2  
  151  12:26  Mothership  
  151  12:32  Photon Cannon, Protoss Shields Level 1  
  151  12:37  Photon Cannon  
  159  12:42  Pylon  
  159  12:47  Photon Cannon, Assimilator  
  159  12:49  Void Ray  
  159  12:52  Void Ray, Assimilator  
  159  12:57  Adept  
  165  12:59  Adept  
  163  13:15  Protoss Air Armor Level 2  
  163  13:45  Shield Battery  
  163  13:46  Shield Battery  
  163  13:47  Shield Battery  
  163  13:52  Photon Cannon  
  163  13:54  Photon Cannon  
  163  13:59  Void Ray  
  163  14:00  Void Ray  
  163  14:01  Pylon  
  163  14:03  Void Ray, Pylon  
  163  14:04  Void Ray  
  179  14:18  Adept x2  
  174  15:05  Nexus, Photon Cannon  
  174  15:06  Photon Cannon  
  170  15:07  Photon Cannon  
  170  15:08  Stalker x2  
  170  15:13  Photon Cannon  
Tags
 
Matchup
PvZ
Spawn Locations
Cross Positions
Add a new tag
Caveats
  • Supply blocks, unpowered buildings, or Contaminate may cause inaccurate times.
  • Supply counts are checked every 10 seconds.